 Dungeon Crawl Stone Soup version 0.30-a0-591-g3c58d2bc28 (webtiles) character file.

Game seed: 4777134826721464932

62 Lianjan the Firebug (level 4, -1/39 HPs)
             Began as an Ogre Fire Elementalist on Jan 5, 2023.
             Was an Initiate of Vehumet.
             Slain by an orc
             ... wielding a +0 flail
              (2 damage)
             ... on level 2 of the Dungeon.
             The game lasted 00:09:49 (3439 turns).

Lianjan the Firebug (Ogre Fire Elementalist)        Turns: 3439, Time: 00:09:50

Health: -1/39      AC:  3    Str: 12    XL:     4   Next: 8%
Magic:  3/7        EV:  9    Int: 18    God:    Vehumet [......]
Gold:   120        SH:  0    Dex:  9    Spells: 4/7 levels left

rFire   . . .      SeeInvis .    d - +0 club
rCold   . . .      Faith    .    (no shield)
rNeg    . . .      Spirit   .    a - +0 robe
rPois   .          Reflect  .    (helmet restricted)
rElec   .          Harm     .    (no cloak)
rCorr   .          Rampage  .    (gloves unavailable)
Will    .....                    (boots unavailable)
Stlth   +                        (no amulet)
HPRegen 0.26/turn                (no ring)
MPRegen 0.10/turn                (no ring)

@: no status effects
A: large, unfitting armour, tough skin 1
a: Renounce Religion


You were on level 2 of the Dungeon.
You worshipped Vehumet.
Vehumet was noncommittal.
You visited 1 branch of the dungeon, and saw 3 of its levels.

You collected 120 gold pieces.

Inventory:

Hand Weapons
 d - a +0 club (weapon)
Missiles
 m - 14 stones
Armour
 a - a +0 robe (worn)
Scrolls
 c - 6 scrolls of identify {unknown}
 e - 2 scrolls of teleportation {unknown}
 g - 3 scrolls of enchant weapon {unknown}
 j - 2 scrolls of noise {unknown}
 k - a scroll of fear {unknown}
 l - a scroll of fog {unknown}
Potions
 b - a potion of magic
 f - 2 potions of resistance {unknown}
 h - a potion of haste {unknown}
 i - a potion of might {unknown}


   Skills:
 - Level 1.7 Dodging
 - Level 1.4 Stealth
 - Level 2.4 Spellcasting
 - Level 0.8 Conjurations
 + Level 4.4 Fire Magic


You had 4 spell levels left.
You knew the following spells:

 Your Spells              Type           Power      Damage    Failure   Level
a - Foxfire               Conj/Fire      44%        2x1d6     6%          1
b - Scorch                Fire           36%        2d6       4%          2

Your spell library contained the following spells:

 Spells                   Type           Power      Damage    Failure   Level
 Inner Flame              Hex/Fire       10%        N/A       22%         3
 Kindle Blastsparks       Fire/Tloc/Air  14%        2d11      28%         3
 Flame Wave               Conj/Fire      11%        2d6       52%         4


Dungeon Overview and Level Annotations

Branches:
Dungeon (3/15)

Altars:
Vehumet


Innate Abilities, Weirdness & Mutations

You are too large for most types of armour.
You have tough skin. (AC +1)


Message History

You kill the orc!
Vehumet accepts your kill.
Your foxfire dissipates!
The foxfire hits the orc but does no damage.
The foxfire hits the orc.
The orc is lightly wounded.
Casting: Foxfire (safe; 6% risk of failure)
Confirm with . or Enter, or press ? or * to list all spells.
You conjure some foxfire!
Casting: Foxfire (safe; 6% risk of failure)
Confirm with . or Enter, or press ? or * to list all spells.
You conjure some foxfire!
The foxfire hits the orc.
The orc is lightly wounded.
Casting: Foxfire (safe; 6% risk of failure)
Confirm with . or Enter, or press ? or * to list all spells.
You miscast Foxfire.
You are very lightly contaminated with residual magic.
Nothing appears to happen.
The foxfire hits the orc but does no damage.
The orc is lightly wounded.
The foxfire hits the orc but does no damage.
The orc is lightly wounded.
The foxfire hits the orc but does no damage.
The orc is lightly wounded.
The orc closely misses you. The orc hits you with a +0 flail!
The orc attacks as you move away! The orc barely misses you.
The orc attacks as you move away! The orc hits you but does no damage.
Your magical contamination has completely faded away.
The orc attacks as you move away! The orc hits you with a +0 flail!
The orc attacks as you move away! The orc hits you but does no damage.
The orc hits you with a +0 flail. The orc attacks as you move away!
The orc hits you with a +0 flail. The orc attacks as you move away!
The orc hits you with a +0 falchion! The orc attacks as you move away!
The orc hits you with a +0 falchion!
* * * LOW HITPOINT WARNING * * *
The orc hits you with a +0 flail!
* * * LOW HITPOINT WARNING * * *
The orc attacks as you move away! The orc hits you with a +0 flail.
You die...

#..#..... #.. ####...#####
#.) #....#....####.†
######.#######...# #.
#...##.#####...#.# #.
#..............#.###o
#........###...#...#.
##.........#..)#.#.#.
#..@.)....#.......##
#..oo.....######..#.
#.......########....
#######.......##....
#########...............>.
#.......#.##...####.####..
###.#####.#.#....#....#
#..
##....##...#.#....#.####
#.. #.....##.###.#...##.#
#..


You could see 2 orcs.

Vanquished Creatures
  2 worms (D:2)
  An orc (D:2)
  5 endoplasms
  4 giant cockroaches
  5 hobgoblins
  3 jackals (D:3)
  2 quokkas
  6 ball pythons
  7 bats
  3 frilled lizards
  4 goblins
  3 kobolds
  5 rats
50 creatures vanquished.

Vanquished Creatures (others)
  112 foxfires
112 creatures vanquished.

Grand Total: 162 creatures vanquished

Notes
Turn   | Place    | Note
-------+----------+-------------------------------------------
     0 | D:1      | Lianjan the Ogre Fire Elementalist began the quest for the
                  | Orb.
     0 | D:1      | Reached XP level 1. HP: 16/16 MP: 3/3
   405 | D:1      | Reached skill level 3 in Fire Magic
   428 | D:1      | Reached XP level 2. HP: 24/24 MP: 0/5
   750 | D:1      | Learned a level 2 spell: Scorch
  1619 | D:1      | Reached XP level 3. HP: 31/31 MP: 1/6
  1757 | D:2      | You fall into a shaft and drop 1 floor!
  2035 | D:3      | Found a radiant altar of Vehumet.
  2075 | D:3      | Became a worshipper of Vehumet
  2216 | D:3      | Reached skill level 4 in Fire Magic
  2937 | D:2      | Reached XP level 4. HP: 10/39 MP: 0/7
  3438 | D:2      | HP: 1/39 [orc/+0 flail (7)]
  3439 | D:2      | Slain by an orc

Illustrated notes

Levels and vault maps discovered:
D:1:      heliophobic_arrival_dark_side_of_the_moon, layout_basic
D:2:      layout_basic
D:3:      layout_basic, mainiacjoe_overflow_24_doors, hangedman_decor_riveting

Skill      XL: |  1  2  3 |
---------------+----------+-----
Fire Magic     | 3 4 |  4.4
Dodging        | |  1.7
Stealth        | |  1.4
Spellcasting   | |  2.4
Conjurations   | |  0.8

Action                   |  1- 3 |  4- 6 || total
-------------------------+-------+-------++-------
Melee: Club              |    16 |       ||    16
 Cast: Foxfire           |    57 |     8 ||    65
       Scorch            |    25 |       ||    25
 Stab: Sleeping          |     1 |       ||     1
Armor: Robe              |    58 |     2 ||    60
Dodge: Dodged            |    71 |     2 ||    73

Table legend: (Time is in decaauts)
 A = Elapsed time spent in this place.
 B = Non-inter-level travel time spent in this place.
 C = Inter-level travel time spent in this place.
 D = Time resting spent in this place.
 E = Time spent auto-exploring this place.
 F = Levels seen in this place.
 G = Mean time per level.
                   A        B        C        D        E       F      G
               +--------+--------+--------+--------+--------+-----+--------+
         Total |   3442 |   3365 |     77 |   1169 |   1498 |   3 | 1147.3 |
       Dungeon |   3442 |   3365 |     77 |   1169 |   1498 |   3 | 1147.3 |
               +--------+--------+--------+--------+--------+-----+--------+

Top non-repeatable levels by time:
     D:1: 1849 daAuts
     D:2: 822 daAuts
     D:3: 770 daAuts
